 Dungeon Crawl Stone Soup version 0.27.0-1-g7a089689b8 (webtiles) character file.

Game seed: 17007286787521243965

4063 sasquatch the Destroyer (level 10, -6/50 HPs)
             Began as a Tengu Fire Elementalist on Aug 6, 2021.
             Mangled by a skeletal warrior (16 damage)
             ... led by a skeletal warrior
             ... on level 7 of the Dungeon.
             The game lasted 00:28:48 (8343 turns).

sasquatch the Destroyer (Tengu Fire Elementalist)   Turns: 8343, Time: 00:28:49

Health: -6/50      AC:  3    Str:  8    XL:     10   Next: 25%
Magic:  6/21       EV: 14    Int: 25    God:
Gold:   156        SH:  0    Dex: 15    Spells: 6/23 levels left

rFire    . . .     SeeInvis .   x - +2 dagger (venom)
rCold    . . .     Faith    .   (no shield)
rNeg     . . .     Spirit   .   a - +0 robe
rPois    .         Reflect  .   (helmet restricted)
rElec    .         Harm     .   (no cloak)
rCorr    +         Rampage  .   w - +0 pair of gloves
Will     .....                  (boots unavailable)
Stlth    ++........             r - amulet of the acrobat
HPRegen  0.16/turn              u - +6 ring of intelligence
MPRegen  0.17/turn              s - ring of resist corrosion

@: flying quickly and evasively, quick
A: beak, talons 3, nimble flight
a: no special abilities


You were on level 7 of the Dungeon.
You visited 1 branch of the dungeon, and saw 7 of its levels.
You also visited: Bailey.

You collected 288 gold pieces.
You spent 132 gold pieces at shops.

Inventory:

Hand Weapons
 x - a +2 dagger of venom (weapon)
Missiles
 e - 20 poisoned darts
Armour
 a - a +0 robe (worn)
 f - a +0 buckler
 w - a +0 pair of gloves (worn)
Jewellery
 r - an amulet of the acrobat (around neck)
 s - a ring of resist corrosion (right hand)
 u - a +6 ring of intelligence (left hand)
Wands
 F - a wand of charming (5)
Scrolls
 g - a scroll of teleportation {unknown}
 h - a scroll of enchant weapon {unknown}
 n - a scroll of torment {unknown}
 o - 7 scrolls of brand weapon
 t - a scroll of fear {unknown}
 y - a scroll of immolation {unknown}
 z - a scroll of silence {unknown}
 D - a scroll of blinking {unknown}
 E - a scroll of amnesia {unknown}
Potions
 b - 5 potions of heal wounds
 c - 3 potions of cancellation {unknown}
 d - a potion of degeneration {unknown}
 i - 3 potions of attraction
 k - 4 potions of brilliance
 l - 5 potions of haste
 m - a potion of lignification
 p - 2 potions of mutation
 q - a potion of resistance {unknown}
 v - 2 potions of invisibility
 A - 3 potions of might {unknown}
 B - 4 potions of curing
 C - a potion of berserk rage


   Skills:
 - Level 2.1 Dodging
 - Level 2.0 Stealth
 + Level 7.1 Spellcasting
 * Level 13.2 Conjurations
 * Level 11.8 Fire Magic


You had 6 spell levels left.
You knew the following spells:

 Your Spells              Type           Power      Damage    Failure   Level
a - Foxfire               Conj/Fire      100%       2x1d9     1%          1
b - Iskenderun's Mystic   Conj/Tloc      41%        2d9       4%          4
c - Conjure Flame         Conj/Fire      63%        6-21      1%          3
d - Sticky Flame          Conj/Fire      63%        2d8       1%          4
f - Fireball              Conj/Fire      31%        3d13      1%          5

Your spell library contained the following spells:

 Spells                   Type           Power      Damage    Failure   Level
 Static Discharge         Conj/Air       41%        N/A       1%          2
 Inner Flame              Hex/Fire       38%        N/A       1%          3
 Iskenderun's Battlesphe  Conj           66%        2d12      1%          5
 Ignite Poison            Fire/Tmut/Pois 28%        N/A       4%          3
 Fulminant Prism          Conj/Hex       20%        3d13      4%          4
 Gell's Gravitas          Tloc           4%         N/A       21%         3
 Teleport Other           Tloc           8%         N/A       21%         3
 Dispel Undead            Necr           8%         3d8       54%         4
 Iron Shot                Conj/Erth      20%        9d5       56%         6
 Lee's Rapid Deconstruct  Erth           4%         3d6*      88%         5
 Dispersal                Tloc           4%         N/A       100%        6
 Spellforged Servitor     Conj/Summ      20%        N/A       98%         7


Dungeon Overview and Level Annotations

Branches:
Dungeon (7/15)             Temple (0/1) D:7          Bailey (visited)

Altars:
Dithmenos
Fedhas
The Shining One

Shops:
D:5 !   D:7 *


Innate Abilities, Weirdness & Mutations

You have a beak for a mouth.
You have claws for feet.
Your magical nature lets you fly swiftly and evasively.


Message History

Aim: a skeletal warrior, wielding a +0 battleaxe (lightly damaged)
The fireball explodes!
The fireball engulfs the skeletal warrior!
The skeletal warrior is moderately damaged.
The fireball engulfs the skeletal warrior!!
The skeletal warrior is heavily damaged.
Casting: Fireball (dangerous; 1% risk of failure)
Confirm with . or Enter, or press ? or * to list all spells.
Aiming: Sticky Flame (safe; 1% risk of failure)
Press: ? - help, Shift-Dir - straight line, f - skeletal warrior, p - skeletal warrior
Aim: a skeletal warrior, wielding a +0 battleaxe (heavily damaged, 100% to hit)
The sticky flame hits the skeletal warrior.
The skeletal warrior is heavily damaged.
The skeletal warrior is covered in liquid flames!
The skeletal warrior burns!
The skeletal warrior burns!
The skeletal warrior burns!
Casting: Sticky Flame (safe; 1% risk of failure)
Confirm with . or Enter, or press ? or * to list all spells.
Aiming: Fireball (dangerous; 1% risk of failure)
Press: ? - help, Shift-Dir - straight line, f - skeletal warrior, p - skeletal warrior
Aim: a skeletal warrior, wielding a +0 battleaxe (moderately damaged)
The fireball explodes!
The fireball engulfs the skeletal warrior!!
The skeletal warrior is severely damaged.
The fireball engulfs the skeletal warrior!!!
You destroy the skeletal warrior!
Your Spellcasting skill increases to level 7!
Your Conjurations skill increases to level 13!
Found a scroll labelled LAVEDE BAIGAOSK.
A skeletal warrior comes into view. It is wielding a +0 trident.
The skeletal warrior completely misses you.
The skeletal warrior hits you with a +0 trident!!
Ouch! That really hurt!
The skeletal warrior misses you.
The skeletal warrior hits you from afar with a +0 trident!
* * * LOW HITPOINT WARNING * * *
There is a staircase to the Ecumenical Temple here.
The skeletal warrior hits you from afar with a +0 trident!
You die...

#.#
###.###########
#.# #..#
#.###########.#
#....[........#
#..#.#.#.#.#..#
#..........z..#
#..#.....z.#..#
#........z...##
#..#...@...#?#
#............#
#..#.......#.#
#............#
#..#.#.#.#.#.#
#............#
#...........##
#############


You could see 3 skeletal warriors.

Vanquished Creatures
  A skeletal warrior (D:7)
  Maggie (D:7)
  2 water moccasins (D:7)
  An orc warrior (Bailey)
  An ice beast (D:6)
  2 sky beasts
  An ogre (D:7)
  A necrophage (D:4)
  A centaur (D:7)
  4 wights (D:7)
  A jelly (D:5)
  4 hounds
  A bullfrog zombie (D:7)
  An orc priest (D:3)
  2 iguanas
  3 orc wizards
  A hound skeleton (D:5)
  A howler monkey zombie (D:7)
  13 gnolls (Bailey)
  12 adders
  4 white imps
  An ufetubus (D:5)
  2 adder skeletons (D:4)
  3 worms
  2 dart slugs
  23 orcs
  A bat (D:3)
  6 endoplasms
  2 giant cockroaches
  22 hobgoblins
  11 jackals (D:3)
  4 quokkas
  6 ball pythons
  5 frilled lizards
  13 goblins
  11 kobolds
  7 rats
177 creatures vanquished.

Vanquished Creatures (collateral kills)
  A shadow (D:5)
  5 foxfires
6 creatures vanquished.

Vanquished Creatures (others)
  550 foxfires
550 creatures vanquished.

Grand Total: 733 creatures vanquished

Notes
Turn   | Place    | Note
-------+----------+-------------------------------------------
     0 | D:1      | sasquatch the Tengu Fire Elementalist began the quest for
                  | the Orb.
     0 | D:1      | Reached XP level 1. HP: 10/10 MP: 4/4
   319 | D:1      | Reached skill level 2 in Conjurations
   319 | D:1      | Reached XP level 2. HP: 15/15 MP: 1/6
  1087 | D:2      | Found a blossoming altar of Fedhas.
  1206 | D:2      | Reached XP level 3. HP: 19/19 MP: 4/7
  1219 | D:2      | Learned a level 3 spell: Conjure Flame
  1326 | D:2      | Found a faded altar of an unknown god.
  1685 | D:2      | Reached skill level 3 in Conjurations
  1834 | D:2      | Reached XP level 4. HP: 24/24 MP: 5/8
  1839 | D:2      | Learned a level 4 spell: Sticky Flame
  2700 | D:3      | Reached skill level 4 in Conjurations
  2700 | D:3      | Gained mutation: Your magical nature lets you fly swiftly
                  | and evasively. [Tengu growth]
  2700 | D:3      | Reached XP level 5. HP: 16/28 MP: 1/10
  3292 | D:3      | Reached skill level 5 in Fire Magic
  3774 | D:3      | Reached XP level 6. HP: 32/32 MP: 5/11
  4325 | D:4      | Noticed a necrophage
  4334 | D:4      | Killed a necrophage
  4335 | D:4      | Reached skill level 5 in Conjurations
  5035 | D:5      | Entered Level 5 of the Dungeon
  5130 | D:5      | Reached XP level 7. HP: 34/36 MP: 6/13
  5230 | D:5      | Noticed a shadow
  5295 | D:5      | Found a shadowy altar of Dithmenos.
  5302 | D:5      | Learned a level 5 spell: Fireball
  5373 | D:5      | Found Ynamp's Distillery.
  5381 | D:5      | Reached skill level 6 in Conjurations
  5383 | D:5      | Bought a potion of brilliance for 44 gold pieces
  5383 | D:5      | Bought a potion of curing for 33 gold pieces
  5383 | D:5      | Bought a potion of heal wounds for 55 gold pieces
  5907 | D:5      | Killed a shadow
  6043 | D:5      | Reached skill level 7 in Conjurations
  6131 | D:6      | Reached XP level 8. HP: 41/41 MP: 9/15
  6379 | D:6      | Found a glowing golden altar of the Shining One.
  6386 | D:6      | Noticed a boulder beetle
  6474 | D:7      | Found Wishoits's Serpentskin Sales.
  6528 | D:7      | Reached skill level 8 in Conjurations
  6679 | D:7      | Found a flagged portal.
  6732 | Bailey   | Entered a bailey
  7778 | D:7      | Reached skill level 12 in Conjurations
  7778 | D:7      | Reached XP level 9. HP: 45/45 MP: 16/20
  7784 | D:7      | Learned a level 4 spell: Iskenderun's Mystic Blast
  8053 | D:7      | Noticed Maggie
  8075 | D:7      | Killed Maggie
  8076 | D:7      | Reached XP level 10. HP: 50/50 MP: 2/21
  8307 | D:7      | Found a staircase to the Ecumenical Temple.
  8309 | D:7      | Noticed a skeletal warrior
  8310 | D:7      | Noticed a skeletal warrior
  8310 | D:7      | Noticed a skeletal warrior
  8324 | D:7      | Killed a skeletal warrior
  8325 | D:7      | Reached skill level 13 in Conjurations
  8334 | D:7      | Noticed a skeletal warrior
  8343 | D:7      | Mangled by a skeletal warrior

Illustrated notes

Levels and vault maps discovered:
D:1:      heliophobic_arrival_dark_side_of_the_moon, layout_basic,
          hangedman_decor_diamond_cutter
D:2:      kennysheep_six_static_rooms, layout_basic,
          shapermc_ecumenical_altar_mp_ritualfount, basic_altar,
          nrook_mini_backslash, minmay_tromino_i2
D:3:      layout_loops_cross, kennysheep_generic_room_10
D:4:      layout_cave_pools, hangedman_decor_lopped, kennysheep_boxes
D:5:      layout_gridville, kennysheep_mini_moat, serial_shops, shop
D:6:      layout_cave_pools, mainiacjoe_overflow_concentric_impassable
D:7:      layout_basic, minmay_temple_entry_glass, enter_bailey_5,
          guppyfry_shop_venom, uniq_maggie

Skill      XL: |  1  2  3  4  5  6  7  8  9 10 |
---------------+-------------------------------+-----
Conjurations   | 2 3 4 5 7 12 13 | 13.2
Fire Magic     | 4 5 7 11 | 11.8
Spellcasting   | 3 4 6 7 |  7.1
Dodging        | |  2.1
Stealth        | |  2.0

Action                   |  1- 3 |  4- 6 |  7- 9 | 10-12 || total
-------------------------+-------+-------+-------+-------++-------
Melee: Short sword       |     3 |    10 |       |       ||    13
       Peck              |     1 |     1 |     1 |       ||     3
       Dagger            |       |     4 |     8 |     1 ||    13
       Kick              |       |     1 |       |     1 ||     2
 Cast: Foxfire           |    62 |   156 |   137 |       ||   355
       Conjure Flame     |       |     2 |     4 |     1 ||     7
       Sticky Flame      |       |     1 |     7 |     2 ||    10
       Fireball          |       |       |     8 |     3 ||    11
  Use: Scroll            |       |     3 |     6 |       ||     9
       Potion            |       |       |     2 |       ||     2
Armor: Robe              |     2 |     5 |     5 |       ||    12
Dodge: Dodged            |     7 |    27 |    30 |     3 ||    67
